Map: Blackpink LE

Players

TYTY (TY) - Winner!

  • Race: Terran Terran
  • Spawn Location: 1:00

SpeCial

  • Race: Terran Terran
  • Spawn Location: 7:00

Event: IEM Season 12 - Katowice

VOD

Have the link to the VOD?

Description

Time

  • Played on: March 1, 2018, 9:57 a.m.
  • Length: 13:01

All games in this series

Show
View Real Time Build Order
Export as new Build Order

TYTY Terran - Winner!

Build Orders: Liberator Opening, Bio Tank 

Get SALT Encoding   

  12  0:00  SCV  
  13  0:12  SCV  
  14  0:19  Supply Depot  
  14  0:24  SCV  
  14  0:28  Refinery  
  15  0:40  SCV  
  16  0:44  Barracks  
  16  0:52  SCV  
  17  1:04  SCV  
  18  1:17  SCV  
  19  1:30  Reaper  
  19  1:31  Orbital Command  
  20  1:50  Bunker  
  20  1:52  Factory  
  20  1:53  Supply Depot  
  20  1:57  SCV  
  21  2:02  Marine  
  21  2:06  Refinery  
  22  2:09  SCV  
  23  2:20  Marine  
  23  2:21  SCV  
  24  2:35  Hellion, Starport  
  26  2:38  Marine  
  26  2:39  SCV  
  26  2:41  Supply Depot  
  28  2:51  SCV  
  28  2:55  Liberator  
  29  2:59  Barracks Reactor  
  29  3:03  SCV  
  30  3:15  SCV  
  30  3:16  Supply Depot  
  34  3:24  Cyclone  
  37  3:27  SCV  
  37  3:41  Command Center  
  37  3:42  SCV  
  37  3:44  Marine x2  
  40  3:56  SCV  
  40  4:01  Marine  
  40  4:02  Marine, Factory Tech Lab  
  42  4:11  SCV  
  40  4:19  Marine  
  40  4:21  Marine  
  40  4:23  Siege Tank  
  45  4:25  Supply Depot, Starport Tech Lab, SCV  
  47  4:43  Raven  
  46  4:48  Command Center  
  46  4:50  SCV  
  47  4:54  Orbital Command  
  47  4:57  Marine  
  47  5:03  SCV  
  48  5:08  Siege Tank  
  51  5:15  SCV  
  51  5:20  Barracks  
  52  5:22  SCV  
  52  5:23  Barracks Tech Lab  
  52  5:28  SCV  
  54  5:30  Barracks  
  54  5:34  SCV  
  55  5:36  Bunker  
  55  5:40  SCV  
  55  5:41  Siege Tank  
  60  5:46  SCV  
  60  5:47  Stimpack  
  61  5:52  SCV  
  62  5:58  SCV, Engineering Bay  
  62  5:59  Engineering Bay  
  62  6:00  Marine  
  63  6:04  SCV, Orbital Command  
  63  6:10  SCV  
  65  6:12  Refinery  
  65  6:15  Marine x2  
  65  6:16  SCV  
  65  6:22  SCV  
  63  6:27  Terran Infantry Weapons Level 1  
  63  6:28  SCV, Terran Infantry Armor Level 1  
  63  6:31  Marine  
  63  6:32  Barracks Reactor  
  65  6:33  Marine  
  65  6:34  SCV  
  65  6:35  Orbital Command  
  65  6:39  Refinery  
  68  6:40  SCV  
  68  6:45  Marine  
  68  6:46  SCV  
  70  6:49  Marine  
  70  6:53  Marine  
  72  6:56  SCV  
  72  6:57  Starport Reactor, Siege Tank  
  72  6:58  SCV, Barracks  
  77  7:02  SCV  
  77  7:03  Barracks  
  77  7:08  SCV  
  79  7:10  Marine x5  
  79  7:13  SCV  
  79  7:15  Supply Depot  
  85  7:18  SCV  
  85  7:23  SCV  
  85  7:25  SCV  
  85  7:26  Supply Depot  
  85  7:28  Marine x3  
  85  7:32  SCV  
  85  7:35  SCV, Medivac x2  
  85  7:36  Marine  
  91  7:38  Sensor Tower  
  91  7:39  SCV  
  91  7:43  Siege Tank  
  96  7:47  SCV  
  96  7:50  Combat Shields  
  96  7:51  Barracks Reactor, SCV  
  96  7:54  Refinery  
  96  7:55  Barracks Reactor, Refinery  
  96  7:56  Marine x2  
  96  7:58  Marine  
  99  7:59  SCV  
  99  8:00  SCV  
  99  8:03  Supply Depot, SCV  
  102  8:06  Medivac  
  102  8:11  SCV  
  102  8:12  SCV  
  105  8:17  Marine x3  
  105  8:18  Marine  
  109  8:25  Siege Tank  
  109  8:26  Supply Depot  
  109  8:27  Supply Depot x2  
  111  8:30  Marine  
  111  8:31  Marine x2  
  111  8:33  Medivac  
  116  8:35  Marine  
  117  8:47  Marine x5  
  122  8:48  Marine x2  
  122  8:50  Supply Depot x2  
  122  8:52  SCV x2  
  126  8:56  Marine x2  
  126  8:57  Siege Tank  
  131  9:05  Supply Depot, Marine  
  131  9:06  Supply Depot  
  131  9:07  Medivac  
  131  9:08  Marine  
  135  9:14  Armory  
  135  9:17  Marine  
  135  9:18  Marine x4  
  135  9:21  SCV x2  
  142  9:25  Marine  
  142  9:26  Marine x2  
  142  9:28  Marine  
  142  9:29  Siege Tank  
  149  9:35  Marine  
  149  9:36  Marine x2  
  142  9:39  Medivac  
  142  9:40  Medivac  
  142  9:41  Marine x2  
  142  9:43  Marine x2  
  147  9:56  SCV  
  147  9:57  SCV  
  147  9:58  Orbital Command  
  130  10:03  Marine  
  130  10:04  Marine x5  
  119  10:11  Marine  
  119  10:12  Marine  
  119  10:16  Marine  
  120  10:24  Marine  
  120  10:25  Orbital Command  
  120  10:35  Marine  
  120  10:36  Marine  
  105  11:18  Siege Tank  
  108  11:21  Viking x2  
  108  11:22  Marine  
  108  11:25  Marine x7  
  114  11:40  Marine  
  114  11:41  Marine  
  114  11:42  Factory  
  114  11:43  Marine x5  
  114  11:45  Sensor Tower  
  121  11:48  SCV x2  
  121  11:50  Siege Tank  
  125  11:54  Orbital Command  
  125  11:55  Marine x2  
  125  11:58  Marine x2  
  125  12:00  SCV  
  125  12:01  Marine x2  
  131  12:12  Viking x2  
  131  12:13  Marine x5  
  135  12:16  Marine x2  
  135  12:19  Sensor Tower  
  137  12:23  Marine x2  
  137  12:29  Siege Tank  
  142  12:31  Marine  
  142  12:34  Factory Tech Lab  
  142  12:35  SCV x2  
  145  12:41  Marine x5  
  145  12:42  Marine  
  145  12:43  Marine  
Show
View Real Time Build Order
Export as new Build Order

SpeCial Terran 

Build Orders: Liberator Opening, Bio Tank 

Get SALT Encoding   

  12  0:00  SCV  
  13  0:12  SCV  
  14  0:17  Supply Depot  
  14  0:24  SCV  
  15  0:42  Barracks  
  15  0:44  Refinery  
  15  0:46  SCV  
  16  1:02  Barracks  
  16  1:04  SCV  
  17  1:16  SCV  
  18  1:29  Reaper, Orbital Command  
  18  1:31  Refinery  
  19  1:42  Supply Depot  
  19  1:50  Reaper  
  20  1:56  SCV  
  21  2:01  Reaper  
  21  2:08  SCV  
  23  2:20  SCV  
  23  2:22  Factory  
  23  2:32  SCV  
  24  2:44  SCV  
  25  2:52  Command Center  
  25  2:56  SCV  
  26  3:08  SCV, Starport  
  26  3:11  Cyclone  
  30  3:18  Supply Depot  
  30  3:26  SCV  
  31  3:29  Liberator  
  31  3:40  SCV  
  32  3:43  Cyclone  
  38  3:52  SCV  
  39  3:55  Supply Depot  
  39  4:04  SCV  
  39  4:13  Orbital Command  
  39  4:16  SCV  
  40  4:18  Barracks Reactor, Factory Tech Lab  
  40  4:28  SCV  
  39  4:40  SCV x2  
  41  4:47  Command Center  
  41  4:52  SCV  
  42  4:56  Barracks  
  42  4:57  SCV, Factory Tech Lab  
  43  5:01  Starport Reactor  
  43  5:03  Marine, Barracks  
  43  5:04  SCV, Stimpack  
  45  5:09  SCV  
  46  5:15  Bunker  
  46  5:16  SCV  
  46  5:19  Siege Tank  
  50  5:23  Marine  
  50  5:26  SCV  
  52  5:28  SCV  
  52  5:34  Engineering Bay  
  52  5:35  Engineering Bay  
  53  5:38  SCV  
  53  5:40  SCV, Marine  
  56  5:44  Supply Depot  
  56  5:48  Starport Reactor  
  56  5:50  SCV  
  56  5:51  Siege Tank  
  56  5:54  SCV  
  56  5:56  Marine  
  62  5:58  Marine x2  
  62  6:02  SCV, Orbital Command, Refinery  
  65  6:04  Refinery  
  65  6:07  Marine  
  65  6:08  Marine  
  67  6:11  Terran Infantry Weapons Level 1  
  67  6:12  SCV  
  67  6:14  SCV, Marine  
  67  6:16  Marine  
  67  6:17  Terran Infantry Armor Level 1  
  71  6:22  Orbital Command  
  71  6:25  Marine x3  
  71  6:27  Medivac  
  71  6:29  SCV  
  74  6:34  SCV  
  74  6:35  Medivac  
  74  6:36  Marine  
  74  6:37  Marine, Barracks x2  
  79  6:41  SCV  
  79  6:43  Marine x2  
  82  6:48  Supply Depot, Siege Tank  
  85  6:54  Supply Depot  
  85  6:55  SCV x3, Marine x2  
  85  6:56  Marine  
  85  7:01  Marine x2  
  91  7:07  SCV x3  
  93  7:08  Combat Shields  
  93  7:13  Marine  
  94  7:17  Supply Depot, Marine x2  
  94  7:19  SCV x2  
  94  7:21  Siege Tank  
  101  7:25  SCV  
  101  7:28  Medivac  
  103  7:31  SCV  
  103  7:32  SCV  
  103  7:34  Barracks Reactor x2, Refinery  
  103  7:35  Refinery  
  105  7:38  SCV  
  105  7:40  Marine  
  105  7:42  Marine  
  105  7:43  Armory  
  108  7:46  SCV x2  
  108  7:48  Marine  
  111  7:53  Siege Tank  
  111  7:54  Marine x2  
  111  7:58  Marine  
  117  8:03  SCV  
  117  8:06  Supply Depot  
  117  8:07  Sensor Tower  
  117  8:08  Supply Depot  
  117  8:27  Supply Depot, SCV x3, Marine x5  
  117  8:30  Marine x4  
  133  8:35  Terran Infantry Armor Level 2, Terran Infantry Weapons Level 2  
  133  8:37  Terran Vehicle Weapons Level 1  
  129  8:45  Marine x2  
  129  8:46  Marine  
  129  8:48  Marine x3  
  133  8:50  Supply Depot  
  133  8:51  Supply Depot  
  133  8:52  Missile Turret, Marine  
  136  8:58  Factory  
  136  9:04  Barracks Reactor, Marine x2  
  136  9:05  Marine x2  
  136  9:06  Marine  
  141  9:12  Marine x3  
  144  9:20  Siege Tank, Command Center  
  144  9:21  SCV  
  144  9:22  Marine x2  
  147  9:27  Marine  
  147  9:28  Marine  
  147  9:29  Marine, Refinery  
  150  9:32  Missile Turret  
  150  9:33  SCV, Marine x2  
  150  9:34  Marine  
  153  9:41  Medivac x2  
  157  9:51  Marine  
  155  9:53  Siege Tank x2  
  155  9:54  Liberator x2  
  155  9:57  Marine x3  
  155  9:58  Marine  
  133  10:02  Marine  
  133  10:03  Marine  
  133  10:04  Marine x2  
  133  10:05  Marine  
  124  10:09  Marine  
  125  10:15  Marine x4  
  125  10:20  Marine x2  
  125  10:22  Marine  
  125  10:24  Marine  
  125  10:25  Siege Tank  
  125  10:26  Siege Tank, Orbital Command  
  125  10:27  Marine  
  114  10:33  Marine  
  114  10:34  Marine x2  
  101  10:38  Marine x2  
  95  10:46  SCV  
  95  10:47  SCV  
  95  10:48  Marine x3  
  91  10:52  Marine x2  
  91  10:55  Marine  
  91  10:56  Marine x2  
  92  10:57  Siege Tank  
  92  10:58  Siege Tank  
  93  11:06  Marine x3  
  93  11:10  SCV x3  
  98  11:13  Marine x2, Refinery  
  98  11:15  Marine  
  98  11:16  Marine x2  
  103  11:24  Marine x2  
  97  11:25  Liberator  
  102  11:27  Marine, Liberator  
  102  11:29  SCV  
  102  11:30  SCV x2, Siege Tank x2  
  102  11:31  Marine  
  110  11:33  Sensor Tower, Marine x2  
  110  11:34  Marine x2  
  114  11:41  Marine  
  114  11:42  Marine, Barracks  
  122  11:47  Marine  
  122  11:49  Marine  
  122  11:51  Marine x2  
  122  11:52  Marine x2  
  125  11:55  SCV x3  
  125  11:59  Marine  
  129  12:03  Siege Tank  
  129  12:05  Marine x2  
  130  12:14  SCV x3  
  132  12:16  Marine  
  132  12:17  Marine x4  
  137  12:25  Medivac  
  137  12:26  SCV  
  140  12:33  Supply Depot  
  140  12:35  Supply Depot  
  140  12:36  Marine  

Tags
 
Add a new tag
Caveats
  • Supply blocks, unpowered buildings, or Contaminate may cause inaccurate times.
  • Supply counts are checked every 10 seconds.